 Dungeon Crawl Stone Soup version 0.31-a0-740-g87205ac768 (webtiles) character file.

Game seed: 9536118741635859717

908 Shayle the Trooper (level 8, -6/83 HPs)
             Began as an Ogre Shapeshifter on Sept 12, 2023.
             Was a Follower of Kikubaaqudgha.
             Mangled by Blork the orc
             ... wielding a +0 long sword
              (13 damage)
             ... on level 6 of the Dungeon.
             The game lasted 00:19:11 (5860 turns).

Shayle the Trooper (Ogre Shapeshifter)              Turns: 5860, Time: 00:19:11

Health: -6/83      AC:  3    Str: 19    XL:     8   Next: 8%
Magic:  14/14      EV:  9    Int: 11    God:    Kikubaaqudgha [*.....]
Gold:   283        SH:  0    Dex:  8    Spells: 16/16 levels left

rFire   . .          .
                       - Unarmed
rCold   . . .        (no shield)
rNeg    . . .        a - +0 animal skin
rPois   .            (helmet currently unavailable)
rElec   .            (cloak currently unavailable)
rCorr   +            (gloves unavailable)
SInv    .            (boots unavailable)
Will    .....        (no amulet)
Stlth   +            u - ring of resist corrosion
HPRegen 0.33/turn    (no ring)
MPRegen 0.14/turn

%: clarity
@: beast-form
A: beast (slay +2), large, unfitting armour, tough skin 1, clarity, dopey 1,
devolution 1
a: Begin Untransformation, Renounce Religion, Unearth Wretches


You were on level 6 of the Dungeon.
You worshipped Kikubaaqudgha.
Kikubaaqudgha was aware of your devotion.
You were a hulking beast.
You visited 1 branch of the dungeon, and saw 6 of its levels.
You also visited: Sewer.

You collected 283 gold pieces.

Inventory:

Hand Weapons
 m - a +3 short sword of speed
Armour
 a - a +0 animal skin (worn)
 j - a +1 cloak
Jewellery
 u - a ring of resist corrosion (left hand)
Talismans
 c - a beast talisman (active)
 d - a flux talisman
Scrolls
 b - a scroll of enchant armour
 f - a scroll of blinking
 h - a scroll of teleportation
 l - a scroll of poison
Potions
 e - a potion of brilliance
 g - a potion of heal wounds
 k - a potion of haste {unknown}
 n - 3 potions of attraction
 s - a potion of might {unknown}


   Skills:
 + Level 5.7 Fighting
 - Level 1.7 Dodging
 + Level 4.8 Unarmed Combat
 + Level 4.5 Spellcasting
 + Level 1.3 Necromancy
 + Level 5.0 Shapeshifting


You had 16 spell levels left.
You didn't know any spells.
Your spell library contained the following spells:

 Spells                   Type           Power      Damage    Failure   Level
 Necrotise                Necr           20%        1d5       13%         1
 Kiss of Death            Conj/Necr      12%        2d6       17%         1
 Sublimation of Blood     Necr           5%         N/A       21%         2
 Slow                     Hex            8%         N/A       22%         1
 Cigotuvi's Dreadful Rot  Necr/Pois/Air  6%         N/A       28%         2
 Wereblood                Tmut           2%         N/A       34%         2
 Vampiric Draining        Necr           5%         2d6       36%         3
 Confusing Touch          Hex            2%         N/A       56%         3
 Sigil of Binding         Hex            2%         N/A       56%         3
 Dispel Undead            Necr           5%         3d7       78%         4
 Death Channel            Necr           2%         N/A       100%        6
 Summon Hydra             Summ           1%         N/A       100%        7


Dungeon Overview and Level Annotations

Branches:
Dungeon (6/15)             Temple (0/1) D:6           Sewer (visited)

Altars:
Gozag
Kikubaaqudgha
Yredelemnul

Shops:
D:2 [

Annotations:
D:4 3 runed translucent doors, hattop's ghost, weakling TeSh
D:6 Blork the orc; Jeremiah


Innate Abilities, Weirdness & Mutations

You are a hulking beast.
Your limbs bulge with bestial killing power. (Slay +2)
You are too large for most types of armour.
You have tough skin. (AC +1)
You possess an exceptional clarity of mind.
You are dopey. (Int -2)
You have hidden genetic defects.


Message History

Blork the orc hits you with a +0 long sword!
Blork the orc casts a spell at you. The puff of flame hits you.
You hit Blork the orc.
Blork the orc is moderately wounded.
Blork the orc begins to cast a cantrip, but forgets the words!
You hit Blork the orc but do no damage.
Blork the orc is moderately wounded.
Blork the orc looks encouraged for a moment.
You hit Blork the orc.
Blork the orc is heavily wounded.
Blork the orc hits you with a +0 long sword!
Blork the orc hits you with a +0 long sword.
You hit Blork the orc.
Blork the orc is heavily wounded.
Blork the orc hits you with a +0 long sword.
* * * LOW HITPOINT WARNING * * *
You hit Blork the orc.
Blork the orc is severely wounded.
Blork the orc closely misses you.
You hit Blork the orc.
Blork the orc is severely wounded.
Blork the orc hits you with a +0 long sword.
* * * LOW HITPOINT WARNING * * *
Blork the orc hits you with a +0 long sword.
* * * LOW HITPOINT WARNING * * *
You closely miss Blork the orc. Your punch misses Blork the orc.
Blork the orc is severely wounded.
Blork the orc hits you with a +0 long sword.
* * * LOW HITPOINT WARNING * * *
You hit Blork the orc but do no damage.
Blork the orc is severely wounded.
Blork the orc screams, "Die!"
Blork the orc hits you with a +0 long sword!
* * * LOW HITPOINT WARNING * * *
You barely miss Blork the orc.
Blork the orc is severely wounded.
Blork the orc hits you with a +0 long sword!
You die...
Kikubaaqudgha rasps: "You have failed me!
Welcome... death!"

####### #.....#
###### #.....#
#.....##.....#
#............#
#............#
+....oh......#
#####+##.....#
..
............#...
.###+###.####...
#.# #.....# #.#
#.<...# ._.
+.....# # ###
#.....# #. ###
#.....#


You could see Blork the orc (fast).

Vanquished Creatures
  A steam dragon (D:5)
  An ogre (D:5)
  2 phantoms
  A kobold brigand (D:5)
  2 bullfrogs (Sewer)
  A hound (D:5)
  A gnoll bouda (D:5)
  A sleepcap (D:3)
  A hound zombie (D:3)
  9 gnolls
  5 adders
  2 river rats (D:6)
  A white imp (D:6)
  2 adder zombies (D:3)
  A dart slug (D:2)
  An orc (D:5)
  6 bats
  13 endoplasms
  14 giant cockroaches
  2 goblins (D:2)
  5 hobgoblins
  3 jackals (D:3)
  7 quokkas
  8 ball pythons
  11 frilled lizards
  15 kobolds
  7 rats
123 creatures vanquished.

Notes
Turn   | Place    | Note
-------+----------+-------------------------------------------
     0 | D:1      | Shayle the Ogre Shapeshifter began the quest for the Orb.
     0 | D:1      | Reached XP level 1. HP: 19/19 MP: 1/1
   178 | D:1      | Reached XP level 2. HP: 28/28 MP: 2/2
   441 | D:1      | Reached skill level 1 in Spellcasting
   639 | D:2      | Reached XP level 3. HP: 35/35 MP: 4/4
   687 | D:2      | Found Fuss's Armour Emporium.
  1338 | D:3      | Reached XP level 4. HP: 26/44 MP: 6/6
  1459 | D:3      | Noticed a phantom
  1479 | D:3      | Killed a phantom
  1480 | D:3      | Reached XP level 5. HP: 29/53 MP: 8/8
  1773 | D:3      | Identified the +1 helmet of Ropriff {rPois rC++ rCorr
                  | Dex-4}
  1854 | D:3      | Found a faded altar of an unknown god.
  1907 | D:3      | Found a basalt altar of Yredelemnul.
  2391 | D:4      | Found a runed translucent gate.
  2391 | D:4      | Found a runed translucent gate.
  2392 | D:4      | Found a runed translucent gate.
  2393 | D:4      | Found an opulent altar of Gozag.
  2396 | D:4      | Noticed hattop's ghost (weakling TeSh)
  2397 | D:4      | Noticed a wyvern
  2503 | D:5      | Entered Level 5 of the Dungeon
  2582 | D:5      | Noticed an ogre
  2599 | D:5      | Killed an ogre
  2600 | D:5      | Reached XP level 6. HP: 62/62 MP: 10/10
  2691 | D:5      | Noticed a steam dragon
  2703 | D:5      | Killed a steam dragon
  2905 | D:5      | Reached XP level 7. HP: 28/71 MP: 12/12
  3271 | D:5      | Reached skill level 5 in Fighting
  3331 | D:5      | Upgraded the game from 0.31-a0-728-g01b46875f1 to
                  | 0.31-a0-740-g87205ac768
  3532 | D:4      | Identified the +1 rapier of Uzox {vamp, +Blink Fly rElec
                  | Str-5}
  3817 | D:4      | Found an ancient bone altar of Kikubaaqudgha.
  3868 | D:4      | Became a worshipper of Kikubaaqudgha
  4971 | D:6      | Noticed Jeremiah
  5076 | D:6      | Found a staircase to the Ecumenical Temple.
  5140 | D:6      | Found a glowing drain.
  5178 | Sewer    | Entered a sewer
  5342 | Sewer    | Reached * piety under Kikubaaqudgha
  5342 | Sewer    | Received a gift from Kikubaaqudgha
  5513 | Sewer    | Reached skill level 1 in Necromancy
  5513 | Sewer    | Reached XP level 8. HP: 29/81 MP: 14/14
  5519 | Sewer    | Gained mutation: You are dopey. (Int -2) [potion of
                  | mutation]
  5519 | Sewer    | Gained mutation: You have hidden genetic defects. [potion
                  | of mutation]
  5519 | Sewer    | Gained mutation: You possess an exceptional clarity of
                  | mind. [potion of mutation]
  5520 | Sewer    | HP: 5/121 [bullfrog (4)]
  5522 | Sewer    | Reached skill level 5 in Shapeshifting
  5830 | D:6      | Found an opulent altar of Gozag.
  5844 | D:6      | Noticed Blork the orc
  5860 | D:6      | Mangled by Blork the orc

Illustrated notes

Levels and vault maps discovered:
D:1:      eino_arrival_cavern_e, layout_basic
D:2:      layout_loops_ring, serial_shops, shop_statue, st_stairs_8
D:3:      layout_basic, nicolae_yredelemnul_corpse_copse,
          ebering_ecumenical_altar_petrified
D:4:      layout_basic, mainiacjoe_overflow_paths, ebering_ghost_gozag,
          minmay_misc_feat_diagonals
D:5:      layout_cave_pools, nicolae_hexahallways, serial_bayou_crossing
D:6:      layout_gridville, lemuel_doored_altar,
          minmay_temple_entry_statues_fountains, portal_sewer_entry_b,
          uniq_blork_the_orc, uniq_jeremiah, uniq_sigmund

Skill      XL: |  1  2  3  4  5  6  7  8 |
---------------+-------------------------+-----
Fighting       | 2 3 4 5 |  5.7
Spellcasting   | 1 2 3 4 |  4.5
Unarmed Combat | 3 4 |  4.8
Shapeshifting  | 4 5 |  5.0
Necromancy     | 1 |  1.3
Dodging        | |  1.7

Action                     |  1- 3 |  4- 6 |  7- 9 || total
---------------------------+-------+-------+-------++-------
  Melee: Unarmed           |    64 |       |   183 ||   247
         Punch             |     4 |     3 |     8 ||    15
         Short sword       |    25 |   121 |    42 ||   188
  Evoke: Wand              |       |     5 |     2 ||     7
    Use: Scroll            |     1 |     3 |    10 ||    14
         Potion            |     2 |     1 |     5 ||     8
   Stab: Sleeping          |     1 |       |       ||     1
         Invisible         |       |       |     3 ||     3
 Armour: Animal skin       |    59 |    55 |   150 ||   264
         Skin              |     3 |     8 |       ||    11
  Dodge: Dodged            |    51 |    40 |    84 ||   175

Table legend: (Time is in decaauts)
 A = Elapsed time spent in this place.
 B = Non-inter-level travel time spent in this place.
 C = Inter-level travel time spent in this place.
 D = Time resting spent in this place.
 E = Time spent auto-exploring this place.
 F = Levels seen in this place.
 G = Mean time per level.
                   A        B        C        D        E       F      G
               +--------+--------+--------+--------+--------+-----+--------+
         Total |   5789 |   5574 |    215 |   1103 |   2986 |   7 |  827.0 |
       Dungeon |   5141 |   4926 |    215 |    801 |   2986 |   6 |  856.8 |
         Sewer |    648 |    648 |      0 |    302 |      0 |   1 |  648.0 |
               +--------+--------+--------+--------+--------+-----+--------+

Top non-repeatable levels by time:
     D:4: 1357 daAuts
     D:5: 1284 daAuts
     D:3: 979 daAuts
     D:2: 713 daAuts
   Sewer: 648 daAuts
     D:1: 597 daAuts
     D:6: 209 daAuts
